Map: Catalyst LE

Players

Hurricane - Winner!

  • Race: Protoss Protoss
  • League: Master
  • Spawn Location: 5:00

aLive

  • Race: Terran Terran
  • League: Grandmaster
  • Spawn Location: 11:00

Event: Memes & Dreams Invitational

VOD

Have the link to the VOD?

Description

Time

  • Played on: April 12, 2018, 11:08 p.m.
  • Length: 14:14

All games in this series

Show
View Real Time Build Order
Export as new Build Order

Hurricane Protoss - Winner!

Build Orders: 1 Gate Expand, Oracle Opening 

Get SALT Encoding   

  12  0:00  Probe  
  13  0:12  Probe  
  14  0:18  Pylon  
  14  0:25  Probe (Chrono Boost)  
  15  0:37  Probe (Chrono Boost)  
  15  0:38  Gateway  
  16  0:45  Probe (Chrono Boost)  
  16  0:46  Assimilator  
  17  0:51  Probe  
  18  1:03  Probe  
  19  1:15  Probe  
  20  1:24  Nexus  
  20  1:34  Cybernetics Core  
  20  1:35  Probe  
  21  1:41  Assimilator  
  21  1:47  Probe  
  21  1:51  Pylon  
  22  2:00  Probe  
  23  2:08  Stalker (Chrono Boost)  
  23  2:12  Probe  
  26  2:24  Probe  
  26  2:28  Stargate  
  27  2:32  Warp Gate  
  27  2:35  Probe  
  27  2:36  Probe  
  28  2:37  Stalker (Chrono Boost)  
  28  2:43  Probe  
  30  2:48  Probe  
  32  2:52  Probe  
  33  3:00  Probe, Stalker  
  33  3:04  Probe  
  37  3:12  Probe  
  38  3:13  Oracle (Chrono Boost)  
  38  3:18  Probe  
  42  3:23  Pylon  
  42  3:24  Probe  
  43  3:31  Probe  
  44  3:34  Stalker  
  46  3:42  Probe  
  46  3:46  Probe  
  46  3:47  Shield Battery  
  46  3:57  Probe  
  46  4:01  Probe  
  46  4:07  Gateway  
  46  4:08  Gateway  
  46  4:10  Probe  
  46  4:13  Probe  
  46  4:14  Nexus  
  48  4:22  Probe  
  49  4:25  Probe  
  49  4:26  Assimilator x2  
  49  4:30  Twilight Council  
  50  4:32  Forge  
  50  4:35  Probe  
  50  4:37  Pylon, Probe  
  52  4:47  Probe  
  52  4:48  Pylon  
  52  4:49  Probe, Blink (Chrono Boost)  
  52  4:51  Robotics Facility  
  54  4:56  Sentry  
  54  4:59  Probe, Protoss Ground Weapons Level 1 (Chrono Boost)  
  57  5:02  Probe  
  58  5:11  Probe  
  58  5:14  Probe  
  60  5:17  Sentry  
  60  5:19  Stalker  
  64  5:23  Probe  
  64  5:25  Pylon  
  64  5:26  Probe  
  66  5:31  Probe  
  66  5:32  Stalker  
  66  5:35  Probe  
  70  5:38  Probe  
  71  5:43  Probe, Stalker  
  71  5:44  Stalker  
  71  5:47  Shield Battery  
  71  5:49  Observer (Chrono Boost)  
  74  5:57  Gateway  
  74  5:58  Gateway, Sentry  
  74  6:01  Observer (Chrono Boost)  
  77  6:04  Gateway  
  77  6:08  Probe x3  
  80  6:15  Gateway  
  80  6:18  Gateway  
  80  6:20  Pylon  
  80  6:21  Observer (Chrono Boost)  
  80  6:24  Stalker  
  80  6:25  Stalker  
  85  6:26  Stalker  
  87  6:37  Assimilator  
  87  6:38  Pylon  
  87  6:39  Pylon  
  91  6:40  Immortal (Chrono Boost)  
  91  6:42  Observer  
  91  6:43  Charge  
  90  6:57  Stalker x3  
  90  6:58  Zealot x2  
  101  7:01  Probe x3  
  101  7:02  Assimilator  
  101  7:04  Protoss Ground Armor Level 1 (Chrono Boost)  
  102  7:11  Observer (Chrono Boost)  
  102  7:12  Forge  
  103  7:16  Robotics Bay  
  103  7:17  Pylon  
  101  7:25  Stalker x2  
  101  7:26  Zealot x4  
  112  7:30  Pylon  
  112  7:31  Zealot  
  112  7:33  Observer (Chrono Boost)  
  115  7:38  Zealot  
  108  7:51  Zealot  
  108  7:52  Zealot x4  
  108  7:57  Stalker x2  
  112  8:07  Colossus (Chrono Boost)  
  118  8:17  Stalker x3  
  122  8:26  Pylon  
  122  8:28  Pylon, Probe  
  122  8:29  Probe x2  
  122  8:30  Protoss Ground Weapons Level 2 (Chrono Boost)  
  122  8:34  Pylon  
  125  8:39  Extended Thermal Lance  
  125  8:44  Zealot x3  
  131  8:52  Cybernetics Core  
  131  8:53  Colossus (Chrono Boost)  
  129  8:58  Zealot x2  
  129  9:00  Protoss Ground Armor Level 2 (Chrono Boost)  
  139  9:09  Pylon  
  139  9:16  Photon Cannon  
  139  9:18  Zealot x3  
  143  9:27  Templar Archives  
  129  9:33  Zealot x2  
  129  9:37  Zealot x3  
  117  9:40  Sentry  
  117  9:41  Zealot x2  
  85  9:54  Zealot x2  
  82  10:00  Zealot x3  
  82  10:03  Zealot x3  
  71  10:19  High Templar x2  
  69  10:22  High Templar x2  
  69  10:23  High Templar x2  
  69  10:24  Archon  
  69  10:26  Archon  
  69  10:27  Sentry, Zealot  
  69  10:28  Archon  
  81  10:36  Colossus (Chrono Boost)  
  81  10:42  Pylon  
  87  10:43  Shield Battery  
  87  10:45  Observer  
  85  10:52  Zealot x3  
  85  10:53  Zealot  
  91  10:59  Protoss Ground Armor Level 3 (Chrono Boost)  
  91  11:02  Probe x3  
  91  11:03  Zealot x3  
  91  11:04  Zealot  
  94  11:07  Protoss Ground Weapons Level 3 (Chrono Boost)  
  94  11:21  Sentry  
  96  11:27  Colossus (Chrono Boost)  
  97  11:44  Zealot x5, High Templar x2  
  111  11:48  Stalker  
  111  11:54  Psionic Storm  
  113  12:07  Zealot x2  
  113  12:08  Zealot  
  119  12:10  Pylon  
  119  12:13  High Templar x2  
  123  12:18  Zealot x2  
  123  12:19  Zealot  
  123  12:35  Stalker x2  
  123  12:36  Stalker  
  129  12:41  Zealot x3  
  134  12:49  High Templar x2  
  136  12:54  Pylon  
  136  13:01  Nexus  
  136  13:04  Observer  
  137  13:17  High Templar  
  137  13:18  Stalker x3, High Templar  
  137  13:19  Pylon  
  147  13:25  Nexus  
  147  13:33  Stalker x3  
  151  13:51  Zealot x5  
Show
View Real Time Build Order
Export as new Build Order

aLive Terran 

Build Orders: Cyclone Opening, Gas First Reaper Expand, Reaper Expand, MMM Bio 

Get SALT Encoding   

  12  0:00  SCV  
  13  0:12  SCV  
  14  0:18  Supply Depot  
  14  0:24  SCV  
  15  0:29  Refinery  
  15  0:39  SCV  
  16  0:45  Barracks  
  16  0:51  SCV  
  17  1:03  SCV  
  18  1:15  SCV  
  19  1:33  Reaper, Orbital Command  
  20  1:45  Command Center  
  20  1:56  Factory  
  20  1:59  SCV  
  21  2:06  Refinery  
  21  2:07  Barracks Reactor  
  21  2:11  SCV  
  22  2:17  Supply Depot  
  22  2:23  SCV  
  23  2:39  SCV  
  24  2:46  Cyclone  
  28  2:51  SCV  
  28  2:55  Cyclone  
  28  2:57  Orbital Command  
  31  3:03  SCV  
  32  3:15  SCV  
  32  3:23  SCV  
  33  3:27  SCV  
  33  3:29  Barracks Tech Lab  
  33  3:31  Barracks  
  34  3:35  SCV  
  34  3:39  SCV  
  36  3:45  Barracks  
  36  3:47  SCV  
  37  3:51  SCV  
  38  3:58  Widow Mine  
  38  3:59  Marine, Stimpack, SCV  
  38  4:04  SCV  
  38  4:05  Engineering Bay  
  38  4:06  Supply Depot  
  39  4:12  SCV  
  39  4:16  Marine  
  40  4:17  SCV  
  40  4:19  Marine x2  
  40  4:21  Factory Reactor, Starport  
  40  4:24  SCV  
  45  4:32  SCV, Terran Infantry Weapons Level 1  
  45  4:34  Supply Depot  
  45  4:36  SCV  
  47  4:39  Marine x2  
  47  4:40  Marine, Refinery  
  47  4:41  Barracks Tech Lab  
  50  4:46  SCV  
  50  4:47  Supply Depot  
  50  4:48  SCV  
  50  4:49  Missile Turret  
  52  4:59  Marine x2  
  53  5:00  Marine x2, Combat Shields  
  53  5:03  SCV x2  
  58  5:09  Factory Reactor  
  58  5:15  SCV x2  
  60  5:23  Supply Depot  
  60  5:25  Barracks  
  60  5:26  Refinery  
  60  5:27  Marine x4, Barracks  
  64  5:32  Medivac x2  
  68  5:37  SCV x2  
  70  5:46  Supply Depot  
  70  5:47  Supply Depot  
  70  5:48  Widow Mine x2  
  76  5:59  Marine x2  
  76  6:00  Marauder  
  78  6:08  Medivac x2, Marauder  
  78  6:11  Supply Depot  
  84  6:13  Widow Mine  
  84  6:14  Widow Mine  
  84  6:15  Supply Depot, Barracks Tech Lab, Barracks Reactor  
  88  6:19  Supply Depot  
  88  6:20  Supply Depot  
  88  6:28  Marine  
  88  6:29  Marine, Concussive Shells  
  88  6:31  Terran Infantry Armor Level 1  
  94  6:40  Marauder x3  
  94  6:44  Widow Mine x2  
  100  6:57  Marine x4  
  101  7:05  Marauder x2  
  101  7:06  Marauder  
  109  7:08  Medivac x2, Widow Mine  
  109  7:09  Widow Mine  
  115  7:21  Supply Depot  
  115  7:22  Supply Depot  
  113  7:26  Marine x4  
  113  7:29  Marauder x2  
  121  7:31  Marauder  
  114  7:56  Marine x4  
  114  7:57  Marauder x3  
  107  8:11  Medivac x2, Widow Mine x2  
  113  8:18  Marine x3  
  116  8:24  Liberator x2  
  112  8:28  Marine, Marauder x3  
  119  8:38  Supply Depot  
  119  8:39  Supply Depot  
  122  8:42  Marine  
  122  8:43  Marine x2  
  122  8:44  Widow Mine  
  122  8:45  Marine  
  131  9:01  Marauder x3  
  137  9:04  Marine x3  
  137  9:05  Marine  
  141  9:13  Widow Mine x2  
  144  9:22  Marine x3, Marauder x3  
  116  9:51  Marine  
  116  9:52  Marine x3  
  112  9:53  Marauder x3  
  91  10:09  Marine x2  
  91  10:10  Marine x2  
  87  10:14  Marauder x2  
  75  10:21  Marine  
  75  10:24  Medivac x2, Widow Mine x2  
  75  10:27  Marine x3  
  75  10:28  Marine  
  87  10:37  Marauder x2  
  87  10:39  Marauder  
  91  10:52  Marine x4  
  91  10:54  Widow Mine x2  
  95  11:03  Medivac x2  
  91  11:05  Marauder x2  
  95  11:18  Marine  
  95  11:19  Marine x3  
  95  11:20  Widow Mine x2  
  102  11:31  Marauder x2  
  102  11:32  Marauder  
  101  11:52  Marine x4  
  105  11:56  Medivac x2  
  111  12:04  Marauder x2  
  111  12:05  Marauder  
  113  12:14  Orbital Command  
  113  12:20  Armory  
  113  12:21  Engineering Bay  
  104  12:34  Marine x4  
  89  12:57  Marine x2  
  89  12:58  Marine x2, Liberator x2  
  92  12:59  Marauder x3  
  99  13:33  Marine x4  
  99  13:34  Marauder x3  
  108  13:36  Widow Mine x2  
  112  13:48  Supply Depot x2  
  112  13:51  Marine x4  
  122  13:59  Engineering Bay  
Tags
 
Add a new tag
Caveats
  • Supply blocks, unpowered buildings, or Contaminate may cause inaccurate times.
  • Supply counts are checked every 10 seconds.